MLB
NEW YORK METS @ ATLANTA BRAVES
09/17/2049
 
TOP OF THE 1ST
New York Mets batting - Pitching for Atlanta Braves : RHP Tim Kull
Pitching: RHP Tim Kull
Batting: RHB Finn Ross 0-0: Called Strike
0-1: Swinging Strike
0-2: Strikes out looking
Batting: RHB Josh Jones 0-0: Ball
1-0: Ball
2-0: Foul Ball, location: 2F
2-1: Ball
3-1: Foul Ball, location: 2F
3-2: Base on Balls
Batting: RHB Jeff Jank 0-0: Swinging Strike
0-1: Called Strike
0-2: Ball
1-2: Foul Ball, location: 2F
1-2: Fly out, F8 (Flyball, 8RXD, EV 103.8 MPH)
Batting: LHB Kyle Beaulieu 0-0: Ball
1-0: Called Strike
1-1: Swinging Strike
1-2: Ball
2-2: Ground out 5-3 (Groundball, 56S, EV 84.4 MPH)
Top of the 1st over - 0 runs, 0 hits, 0 errors, 1 left on base; New York 0 - Atlanta 0
BOTTOM OF THE 1ST
Atlanta Braves batting - Pitching for New York Mets : LHP Ryan Price
Pitching: LHP Ryan Price
Batting: RHB Yasuhide Kasahara 0-0: Called Strike
0-1: Ball
1-1: Ball
2-1: Ball
3-1: Foul Ball, location: 2F
3-2: DOUBLE (Flyball, 8RXD, EV 108.1 MPH)
Batting: SHB Floyd-William Goof 0-0: Ball
1-0: Called Strike
1-1: Foul Ball, location: 2F
1-2: Ball
2-2: Fly out, F8 (Flyball, 89D, EV 91.9 MPH)
Runner from 2nd tags up, SAFE at 3rd, no throw by CF
Batting: SHB Dave Barefoot 0-0: Fly out, F8 (Flyball, 89D, EV 96.2 MPH)
Runner from 3rd tags up, SCORES, throw by CF
Batting: RHB Ike Trout 0-0: Ball
1-0: Called Strike
1-1: Ball
2-1: Foul Ball, location: 2F
2-2: Foul Ball, location: 2F
2-2: Ball
3-2: Base on Balls
Batting: RHB Erik Coleman 0-0: Called Strike
0-1: Ball
1-1: Ball
2-1: Called Strike
2-2: Strikes out swinging
Bottom of the 1st over - 1 run, 1 hit, 0 errors, 1 left on base; New York 0 - Atlanta 1
TOP OF THE 2ND
New York Mets batting - Pitching for Atlanta Braves : RHP Tim Kull
Batting: SHB Luke Robbins 0-0: Called Strike
0-1: Ball
1-1: Fly out, F9 (Flyball, 9LSF, EV 85.6 MPH)
Batting: SHB Billy Encinias 0-0: Ball
1-0: Ground out U3 (Groundball, 34, EV 86.2 MPH)
Batting: SHB Jason Larson 0-0: Called Strike
0-1: Foul Ball, location: 2F
0-2: Strikes out swinging
Top of the 2nd over - 0 runs, 0 hits, 0 errors, 0 left on base; New York 0 - Atlanta 1
BOTTOM OF THE 2ND
Atlanta Braves batting - Pitching for New York Mets : LHP Ryan Price
Batting: RHB Zheng-ze King 0-0: Called Strike
0-1: Swinging Strike
0-2: Ball
1-2: Fly out, F8 (Line Drive, 8RM, EV 108.8 MPH)
Batting: RHB Manny Vergara 0-0: Ball
1-0: Foul Ball, location: 2F
1-1: Swinging Strike
1-2: Ball
2-2: Strikes out swinging
Batting: LHB Erik Gretzky 0-0: Called Strike
0-1: Foul Ball, location: 2F
0-2: Ball
1-2: Ball
2-2: Ball
3-2: Strikes out swinging
Bottom of the 2nd over - 0 runs, 0 hits, 0 errors, 0 left on base; New York 0 - Atlanta 1
TOP OF THE 3RD
New York Mets batting - Pitching for Atlanta Braves : RHP Tim Kull
Batting: RHB Antonio Aranda 0-0: Ball
1-0: Called Strike
1-1: Foul Ball, location: 2F
1-2: Strikes out swinging
Batting: RHB Chris Torlak 0-0: Foul Ball, location: 2F
0-1: Ball
1-1: Ground out 1-3 (Groundball, 13S, EV 66.9 MPH)
Batting: RHB Finn Ross 0-0: Ground out 5-3 (Groundball, 5, EV 80.6 MPH)
Top of the 3rd over - 0 runs, 0 hits, 0 errors, 0 left on base; New York 0 - Atlanta 1
BOTTOM OF THE 3RD
Atlanta Braves batting - Pitching for New York Mets : LHP Ryan Price
Batting: RHB Liangde Li 0-0: Called Strike
0-1: Ball
1-1: Called Strike
1-2: Ball
2-2: Ball
3-2: Base on Balls
Batting: RHB Yasuhide Kasahara 0-0: Ball
Liangde Li steals 2nd, throwing error, E2
Liangde Li to third
1-0: Ball
2-0: Ball
3-0: Called Strike
3-1: Foul Ball, location: 2F
3-2: Base on Balls
Batting: SHB Floyd-William Goof 0-0: Foul Ball, location: 2F
0-1: Ball
1-1: Ball
2-1: Ball
3-1: Called Strike
3-2: Base on Balls
Yasuhide Kasahara to second
Batting: SHB Dave Barefoot 0-0: Ball
1-0: Called Strike
1-1: Ball
2-1: Ball
3-1: Called Strike
3-2: Base on Balls
Liangde Li scores
Yasuhide Kasahara to third
Floyd-William Goof to second
Batting: RHB Ike Trout 0-0: Ball
1-0: Ball
2-0: Called Strike
2-1: Foul Ball, location: 2F
2-2: Strikes out looking
Batting: RHB Erik Coleman 0-0: Called Strike
0-1: Ball
1-1: Ball
2-1: Foul Ball, location: 2F
2-2: Foul Ball, location: 2F
2-2: Ball
3-2: Grounds into double play, 6-4-3 (Groundball, 6, EV 86.2 MPH)
Bottom of the 3rd over - 1 run, 0 hits, 1 error, 2 left on base; New York 0 - Atlanta 2
TOP OF THE 4TH
New York Mets batting - Pitching for Atlanta Braves : RHP Tim Kull
Batting: RHB Josh Jones 0-0: Ground out 5-3 (Groundball, 56S, EV 75.6 MPH)
Batting: RHB Jeff Jank 0-0: Called Strike
0-1: Ball
1-1: Called Strike
1-2: Strikes out swinging
Batting: LHB Kyle Beaulieu 0-0: Fly out, F7 (Flyball, 78XD, EV 105.0 MPH)
Top of the 4th over - 0 runs, 0 hits, 0 errors, 0 left on base; New York 0 - Atlanta 2
BOTTOM OF THE 4TH
Atlanta Braves batting - Pitching for New York Mets : LHP Ryan Price
Batting: RHB Zheng-ze King 0-0: Called Strike
0-1: Ball
1-1: Foul Ball, location: 2F
1-2: Strikes out swinging, 2-3 out at first.
Batting: RHB Manny Vergara 0-0: Called Strike
0-1: Ball
1-1: Hit by Pitch
Batting: LHB Erik Gretzky 0-0: Called Strike
0-1: Ball
1-1: Fly out, F6 (Popup, 6MD, EV 60.0 MPH)
Batting: RHB Liangde Li 0-0: Swinging Strike
0-1: Ball
Wild Pitch!
Manny Vergara to second
1-1: Ball
2-1: Ball
3-1: Foul Ball, location: 2F
3-2: Base on Balls
Pitching: RHP Ben Dicks
Batting: RHB Yasuhide Kasahara 0-0: Foul Ball, location: 2F
0-1: Called Strike
0-2: Ball
1-2: Ball
2-2: Foul Ball, location: 2F
2-2: Ball
3-2: Foul Ball, location: 2F
3-2: SINGLE (Line Drive, 3D, EV 94.4 MPH)
Manny Vergara to third
Liangde Li to second
Manny Vergara scores
Liangde Li to third
Batting: SHB Floyd-William Goof 0-0: Foul Ball, location: 2F
0-1: Swinging Strike
0-2: Foul Ball, location: 2F
0-2: Ball
1-2: Ball
2-2: Strikes out swinging
Bottom of the 4th over - 1 run, 1 hit, 0 errors, 2 left on base; New York 0 - Atlanta 3
TOP OF THE 5TH
New York Mets batting - Pitching for Atlanta Braves : RHP Tim Kull
Batting: SHB Luke Robbins 0-0: Ball
1-0: Foul Ball, location: 2F
1-1: Foul Ball, location: 2F
1-2: Foul Ball, location: 2F
1-2: Strikes out looking
Batting: SHB Billy Encinias 0-0: Ground out U3 (Groundball, 3D, EV 88.1 MPH)
Batting: SHB Jason Larson 0-0: SINGLE (Groundball, 4MD, EV 98.8 MPH)
Batting: RHB Antonio Aranda 0-0: Ball
1-0: SINGLE (Flyball, 4D, EV 92.5 MPH)
Jason Larson to second
Runner from 2nd tries for 3rd, OUT! 8-5
Top of the 5th over - 0 runs, 2 hits, 0 errors, 1 left on base; New York 0 - Atlanta 3
BOTTOM OF THE 5TH
Atlanta Braves batting - Pitching for New York Mets : RHP Ben Dicks
Batting: SHB Dave Barefoot 0-0: Ball
1-0: Called Strike
1-1: Ball
2-1: DOUBLE (Flyball, 7LD, EV 96.2 MPH)
Batting: RHB Ike Trout 0-0: Called Strike
0-1: Ball
1-1: Ball
2-1: Ball
Wild Pitch!
Dave Barefoot to third
3-1: Called Strike
3-2: Foul Ball, location: 2F
3-2: Foul Ball, location: 2F
3-2: Foul Ball, location: 2F
3-2: Strikes out swinging
Batting: RHB Erik Coleman 0-0: Ball
1-0: Swinging Strike
1-1: Swinging Strike
1-2: Ball
2-2: Ball
3-2: Base on Balls
Batting: RHB Zheng-ze King 0-0: Ball
1-0: Swinging Strike
1-1: Called Strike
1-2: Foul Ball, location: 2F
1-2: Strikes out looking
Batting: RHB Manny Vergara 0-0: Foul Ball, location: 2F
0-1: Swinging Strike
0-2: Ball
1-2: Ball
2-2: Strikes out swinging
Bottom of the 5th over - 0 runs, 1 hit, 0 errors, 2 left on base; New York 0 - Atlanta 3
TOP OF THE 6TH
New York Mets batting - Pitching for Atlanta Braves : RHP Tim Kull
Batting: RHB Chris Torlak 0-0: Ball
1-0: Called Strike
1-1: Called Strike
1-2: Ball
2-2: Foul Ball, location: 2F
2-2: Strikes out swinging
Batting: RHB Finn Ross 0-0: Called Strike
0-1: Fly out, F9 (Flyball, 9, EV 75.0 MPH)
Batting: RHB Josh Jones 0-0: DOUBLE (Line Drive, 7LS, EV 95.6 MPH)
Batting: RHB Jeff Jank 0-0: Ball
1-0: Foul Ball, location: 2F
1-1: Ball
2-1: Ball
3-1: Called Strike
3-2: Foul Ball, location: 2F
3-2: SINGLE (Line Drive, 8LS, EV 96.9 MPH)
Josh Jones to third
Runner from 3rd tries for Home, SAFE, throw by CF to home
Batting: LHB Kyle Beaulieu 0-0: Ball
1-0: Ball
2-0: Ball
3-0: SINGLE (Groundball, 13S, EV 65.6 MPH) (infield hit)
Jeff Jank to second
Batting: SHB Luke Robbins 0-0: Ball
1-0: Ball
2-0: Called Strike
2-1: Ball
3-1: Base on Balls
Jeff Jank to third
Kyle Beaulieu to second
Batting: SHB Billy Encinias 0-0: Ground out 4-3 (Groundball, 34, EV 108.1 MPH)
Top of the 6th over - 1 run, 3 hits, 0 errors, 3 left on base; New York 1 - Atlanta 3
BOTTOM OF THE 6TH
Atlanta Braves batting - Pitching for New York Mets : RHP Ben Dicks
Batting: LHB Erik Gretzky 0-0: Called Strike
0-1: SINGLE (Line Drive, 8RS, EV 90.0 MPH)
Pitching: RHP Andy Reinhardt
Batting: RHB Liangde Li 0-0: Foul Ball, location: 2F
0-1: Ball
1-1: Called Strike
Erik Gretzky steals 2nd base (no throw)
1-2: SINGLE (Groundball, 4M, EV 108.1 MPH) (infield hit)
Erik Gretzky to third
Batting: RHB Yasuhide Kasahara 0-0: Foul Ball, location: 2F
0-1: Ball
1-1: Ball
2-1: Called Strike
2-2: Foul Ball, location: 2F
2-2: Foul Ball, location: 2F
2-2: Foul Ball, location: 2F
2-2: Strikes out swinging
Batting: SHB Floyd-William Goof 0-0: Ball
Liangde Li steals 2nd base (no throw)
1-0: Foul Ball, location: 2F
1-1: Ball
2-1: Ball
3-1: Foul Ball, location: 2F
3-2: Base on Balls
Batting: SHB Dave Barefoot 0-0: Foul Ball, location: 2F
0-1: Foul Ball, location: 2F
0-2: SINGLE (Line Drive, 4M, EV 94.4 MPH)
Erik Gretzky scores
Liangde Li to third
Floyd-William Goof to second
Runner from 3rd tries for Home, SAFE, throw by CF to home
Batting: RHB Ike Trout 0-0: Called Strike
0-1: Ball
1-1: Ball
2-1: Fly out, F7 (Flyball, 7D, EV 95.0 MPH)
Runner from 2nd tags up, SAFE at 3rd with throw by LF
Batting: RHB Erik Coleman 0-0: Ball
1-0: Ground out 6-3 (Groundball, 56, EV 104.4 MPH)
Bottom of the 6th over - 2 runs, 3 hits, 0 errors, 2 left on base; New York 1 - Atlanta 5
TOP OF THE 7TH
New York Mets batting - Pitching for Atlanta Braves : RHP Tim Kull
Batting: SHB Jason Larson 0-0: Ball
1-0: DOUBLE (Line Drive, 9LD, EV 106.2 MPH)
Batting: RHB Antonio Aranda 0-0: Called Strike
0-1: Ball
1-1: Ball
2-1: Swinging Strike
2-2: Ball
3-2: Foul Ball, location: 2F
3-2: Foul Ball, location: 2F
3-2: Base on Balls
Batting: RHB Chris Torlak 0-0: Called Strike
0-1: Foul Ball, location: 2F
0-2: Grounds into double play, 5-4-3 (Groundball, 5, EV 85.6 MPH)
Jason Larson to third
Batting: RHB Finn Ross 0-0: Called Strike
0-1: Swinging Strike
0-2: Ball
1-2: Foul Ball, location: 2F
1-2: Ball
2-2: Ground out 6-3 (Groundball, 6, EV 83.1 MPH)
Top of the 7th over - 0 runs, 1 hit, 0 errors, 1 left on base; New York 1 - Atlanta 5
BOTTOM OF THE 7TH
Atlanta Braves batting - Pitching for New York Mets : RHP Andy Reinhardt
Batting: RHB Zheng-ze King 0-0: Swinging Strike
0-1: Ball
1-1: Ground out 1-3 (Groundball, 23, EV 70.6 MPH)
Batting: RHB Manny Vergara 0-0: Called Strike
0-1: Ball
1-1: Ball
2-1: Foul Ball, location: 2F
2-2: Foul Ball, location: 2F
2-2: Strikes out swinging
Batting: LHB Erik Gretzky 0-0: Called Strike
0-1: Ball
1-1: Foul Ball, location: 2F
1-2: Strikes out swinging
Bottom of the 7th over - 0 runs, 0 hits, 0 errors, 0 left on base; New York 1 - Atlanta 5
TOP OF THE 8TH
New York Mets batting - Pitching for Atlanta Braves : RHP Tim Kull
Batting: RHB Josh Jones 0-0: Ball
1-0: Called Strike
1-1: Called Strike
1-2: Strikes out swinging
Batting: RHB Jeff Jank 0-0: Called Strike
0-1: Swinging Strike
0-2: Ball
1-2: Ball
2-2: Foul Ball, location: 2F
2-2: Ball
3-2: Foul Ball, location: 2F
3-2: Ground out 6-3 (Groundball, 6S, EV 67.5 MPH)
Pitching: RHP Salisbury Swanson
Batting: LHB Kyle Beaulieu 0-0: Ball
1-0: Ball
2-0: Called Strike
2-1: Foul Ball, location: 2F
2-2: Foul Ball, location: 2F
2-2: Strikes out swinging
Top of the 8th over - 0 runs, 0 hits, 0 errors, 0 left on base; New York 1 - Atlanta 5
BOTTOM OF THE 8TH
Atlanta Braves batting - Pitching for New York Mets : RHP Andy Reinhardt
Pitching: LHP Steve Kelly
Batting: RHB Liangde Li 0-0: Foul Ball, location: 2F
0-1: Ball
1-1: Ball
2-1: Ball
3-1: Base on Balls
Batting: RHB Yasuhide Kasahara 0-0: Foul Ball, location: 2F
0-1: Ball
1-1: Ball
2-1: Foul Ball, location: 2F
2-2: Grounds into double play, 4-6-3 (Groundball, 34, EV 88.1 MPH)
Batting: SHB Floyd-William Goof 0-0: Called Strike
0-1: Ball
1-1: Foul Ball, location: 2F
1-2: Ball
2-2: SINGLE (Flyball, 8RS, EV 85.0 MPH)
Batting: SHB Dave Barefoot 0-0: Ball
1-0: Called Strike
1-1: SINGLE (Groundball, 6D, EV 107.5 MPH)
Floyd-William Goof to second
Runner from 2nd tries for 3rd, SAFE, throw by LF made to third
Dave Barefoot to second
Batting: RHB Ike Trout 0-0: Ball
1-0: Ball
2-0: Ball
3-0: Called Strike
3-1: Base on Balls
Batting: RHB Erik Coleman 0-0: Swinging Strike
0-1: Ball
1-1: SINGLE (Groundball, 4MD, EV 98.8 MPH)
Floyd-William Goof scores
Dave Barefoot to third
Ike Trout to second
Runner from 3rd tries for Home, SAFE, throw by CF to home
Batting: RHB Zheng-ze King 0-0: Ball
1-0: DOUBLE (Line Drive, 9LM, EV 105.0 MPH)
Ike Trout scores
Erik Coleman to third
Batting: RHB Manny Vergara 0-0: Ball
1-0: Ball
2-0: Ground out 6-3 (Groundball, 6, EV 86.2 MPH)
Bottom of the 8th over - 3 runs, 4 hits, 0 errors, 2 left on base; New York 1 - Atlanta 8
TOP OF THE 9TH
New York Mets batting - Pitching for Atlanta Braves : RHP Salisbury Swanson
Batting: SHB Luke Robbins 0-0: Called Strike
0-1: Called Strike
0-2: DOUBLE (Line Drive, 78D, EV 98.8 MPH)
Batting: SHB Billy Encinias 0-0: Called Strike
0-1: Foul Ball, location: 2F
0-2: Strikes out looking
Batting: SHB Jason Larson 0-0: Ball
1-0: Called Strike
1-1: Swinging Strike
1-2: Strikes out looking
Batting: RHB Antonio Aranda 0-0: Ball
1-0: Ball
2-0: Called Strike
2-1: Foul Ball, location: 2F
2-2: Ball
3-2: Foul Ball, location: 2F
3-2: Foul Ball, location: 2F
3-2: Foul Ball, location: 2F
3-2: Foul Ball, location: 2F
3-2: Foul Ball, location: 2F
3-2: Foul Ball, location: 2F
3-2: SINGLE (Groundball, 6MD, EV 98.8 MPH)
Luke Robbins to third
Batting: RHB Chris Torlak 0-0: Ball
1-0: Foul Ball, location: 2F
1-1: Ball
2-1: Ground out 1-3 (Groundball, 25, EV 70.6 MPH)
Top of the 9th over - 0 runs, 2 hits, 0 errors, 2 left on base; New York 1 - Atlanta 8
Sunday, July 16th , 2023 - OOTP Baseball 24.6 Build 69